[ PARTIDA AOE2 · #484891461 ]
UnrankedDrávidas vs Malay
Equipo del jugador · VICT
Equipo rival · DERR
[ ANÁLISIS DE REPETICIÓN · EXTRAÍDO DE LA PARTIDA GRABADA ]
Feudal
10:06
Castillos
21:07
Imperial
—
| APM promedio | 58.8 |
| APM pico | 101 |
| eAPM promedio | 23.0 |
| Aldeanos / militares | 76 / 60 |
Foco
⚔️ 41.0% · 🌾 59.0%
Archer ×23 · Skirmisher ×13 · Monk ×10 · Spearman ×10 · Militia ×4
Feudal
8:23
Castillos
20:39
Imperial
—
| APM promedio | 47.3 |
| APM pico | 107 |
| eAPM promedio | 22.2 |
| Aldeanos / militares | 46 / 60 |
Foco
⚔️ 45.5% · 🌾 54.5%
Battle Elephant ×44 · Archer ×8 · Skirmisher ×8
Mapa de la partida
Recursos iniciales + cada clic de construcción. Líneas = muros · curvas = relieve. ◆ oro · ⬟ piedra · ● bayas · ✦ reliquia · ◌ hueco del cierre
Tu base· ✓ Cerrada en 21:07 · 44t muro · 1 puerta(s)
Base de DS_Alec· Abierta — el rival se encerró
Terreno inicial suavizado · ◌ = hueco del cierre detectado · pasá el cursor para detalles
Inputs por minuto
— Champi Warrior - - DS_Alec
Build order — Champi Warrior
Primeras 150 de 233 acciones detectadas
| 0:00 | Crear | Villager (Male) |
| 0:01 | Crear | Villager (Male) |
| 0:01 | Crear | Villager (Male) |
| 0:01 | Crear | Villager (Male) |
| 0:02 | Construir | House |
| 0:03 | Construir | House |
| 1:29 | Crear | Villager (Male) |
| 1:44 | Construir | Lumber Camp |
| 1:52 | Crear | Villager (Male) |
| 2:20 | Crear | Villager (Male) |
| 2:41 | Crear | Villager (Male) |
| 3:03 | Crear | Villager (Male) |
| 3:33 | Crear | Villager (Male) |
| 3:34 | Crear | Villager (Male) |
| 4:01 | Construir | House |
| 4:04 | Crear | Villager (Male) |
| 4:25 | Crear | Villager (Male) |
| 4:36 | Construir | Barracks |
| 4:50 | Crear | Villager (Male) |
| 5:09 | Construir | House |
| 5:18 | Crear | Villager (Male) |
| 5:25 | Construir | House |
| 5:31 | Crear | Militia |
| 5:31 | Crear | Militia |
| 5:46 | Crear | Villager (Male) |
| 6:02 | Construir | Mill |
| 6:05 | Crear | Villager (Male) |
| 6:22 | Crear | Villager (Male) |
| 6:28 | Construir | House |
| 6:33 | Crear | Villager (Male) |
| 7:07 | Investigar | Loom |
| 7:07 | Investigar | Loom |
| 7:45 | Construir | Mining Camp |
| 7:56 | Investigar | Feudal Age |
| 8:42 | Crear | Militia |
| 9:04 | Crear | Militia |
| 9:23 | Crear | Villager (Male) |
| 10:06 | Edad | Edad Feudal |
| 10:07 | Investigar | Man-at-Arms (upgrade) |
| 10:14 | Construir | Archery Range |
| 10:22 | Crear | Villager (Male) |
| 10:25 | Investigar | Double-Bit Axe |
| 10:46 | Crear | Villager (Male) |
| 10:49 | Construir | Mill |
| 10:53 | Construir | House |
| 11:00 | Construir | House |
| 11:03 | Investigar | Horse Collar |
| 11:05 | Crear | Skirmisher |
| 11:06 | Crear | Skirmisher |
| 11:06 | Crear | Skirmisher |
| 11:09 | Construir | Farm |
| 11:22 | Crear | Villager (Male) |
| 11:24 | Construir | Farm |
| 11:41 | Construir | House |
| 11:43 | Crear | Skirmisher |
| 11:51 | Crear | Villager (Male) |
| 11:53 | Construir | Farm |
| 11:56 | Construir | House |
| 12:02 | Crear | Skirmisher |
| 12:09 | Construir | Farm |
| 12:18 | Crear | Skirmisher |
| 12:22 | Construir | Farm |
| 12:27 | Crear | Villager (Male) |
| 12:27 | Crear | Villager (Male) |
| 12:33 | Construir | Palisade Wall |
| 12:44 | Crear | Villager (Male) |
| 12:47 | Construir | Farm |
| 12:49 | Construir | Farm |
| 12:55 | Crear | Skirmisher |
| 13:00 | Construir | Palisade Wall |
| 13:09 | Crear | Archer |
| 13:10 | Crear | Villager (Male) |
| 13:21 | Construir | Farm |
| 13:44 | Crear | Villager (Male) |
| 13:44 | Crear | Skirmisher |
| 13:49 | Crear | Villager (Male) |
| 14:01 | Construir | Farm |
| 14:03 | Construir | Farm |
| 14:05 | Crear | Skirmisher |
| 14:20 | Crear | Skirmisher |
| 14:30 | Crear | Villager (Male) |
| 14:32 | Construir | Farm |
| 14:50 | Crear | Villager (Male) |
| 15:09 | Construir | Blacksmith |
| 15:13 | Crear | Skirmisher |
| 15:13 | Crear | Villager (Male) |
| 15:18 | Crear | Villager (Male) |
| 15:34 | Construir | House |
| 15:50 | Construir | Palisade Wall |
| 15:51 | Construir | Palisade Wall |
| 15:58 | Investigar | Fletching |
| 15:58 | Crear | Villager (Male) |
| 16:01 | Construir | Farm |
| 16:08 | Construir | Palisade Wall |
| 16:11 | Crear | Skirmisher |
| 16:18 | Construir | Palisade Gate |
| 16:31 | Crear | Villager (Male) |
| 16:38 | Crear | Skirmisher |
| 16:59 | Construir | Market |
| 17:04 | Crear | Villager (Male) |
| 17:12 | Construir | House |
| 17:35 | Crear | Villager (Male) |
| 17:59 | Crear | Villager (Male) |
| 18:24 | Construir | Lumber Camp |
| 18:27 | Investigar | Castle Age |
| 18:30 | Crear | Archer |
| 18:30 | Crear | Archer |
| 18:31 | Construir | Archery Range |
| 19:04 | Construir | House |
| 19:19 | Investigar | Gold Mining |
| 19:26 | Crear | Archer |
| 19:27 | Crear | Archer |
| 19:28 | Construir | House |
| 19:44 | Construir | Farm |
| 19:46 | Construir | Farm |
| 19:59 | Crear | Archer |
| 20:05 | Construir | Farm |
| 20:06 | Construir | Farm |
| 20:17 | Construir | Farm |
| 20:17 | Crear | Villager (Male) |
| 20:21 | Construir | House |
| 20:24 | Construir | Palisade Wall |
| 20:33 | Crear | Villager (Male) |
| 20:39 | Crear | Archer |
| 20:39 | Crear | Archer |
| 20:45 | Crear | Villager (Male) |
| 21:00 | Construir | House |
| 21:02 | Construir | House |
| 21:07 | Edad | Edad de los Castillos |
| 21:08 | Investigar | Elite Skirmisher (upgrade) |
| 21:14 | Investigar | Bow Saw |
| 21:14 | Investigar | Bow Saw |
| 21:16 | Investigar | Bodkin Arrow |
| 21:16 | Investigar | Bodkin Arrow |
| 21:27 | Construir | House |
| 21:28 | Construir | House |
| 21:35 | Crear | Villager (Male) |
| 21:40 | Construir | House |
| 22:21 | Crear | Villager (Male) |
| 22:24 | Construir | Town Center |
| 22:28 | Investigar | Crossbowman (upgrade) |
| 22:31 | Crear | Villager (Male) |
| 22:41 | Crear | Archer |
| 22:41 | Crear | Archer |
| 22:45 | Construir | House |
| 22:55 | Crear | Archer |
| 22:55 | Crear | Archer |
| 23:06 | Crear | Villager (Male) |
| 23:20 | Crear | Villager (Male) |
| 23:23 | Construir | Monastery |
Build order — DS_Alec
Primeras 150 de 198 acciones detectadas
| 0:00 | Crear | Villager (Male) |
| 0:00 | Crear | Villager (Male) |
| 0:00 | Crear | Villager (Male) |
| 0:01 | Construir | House |
| 0:02 | Construir | House |
| 0:12 | Crear | Villager (Male) |
| 1:33 | Crear | Villager (Male) |
| 1:56 | Crear | Villager (Male) |
| 2:25 | Crear | Villager (Male) |
| 2:25 | Crear | Villager (Male) |
| 2:34 | Construir | Lumber Camp |
| 2:46 | Crear | Villager (Male) |
| 3:05 | Construir | House |
| 3:08 | Crear | Villager (Male) |
| 3:20 | Crear | Villager (Male) |
| 3:29 | Crear | Villager (Male) |
| 3:56 | Crear | Villager (Male) |
| 4:33 | Crear | Villager (Male) |
| 4:45 | Construir | Palisade Wall |
| 4:52 | Crear | Villager (Male) |
| 5:05 | Construir | Mill |
| 5:08 | Construir | Palisade Wall |
| 5:11 | Crear | Villager (Male) |
| 5:33 | Construir | Palisade Wall |
| 5:33 | Construir | Palisade Wall |
| 5:34 | Construir | Palisade Wall |
| 5:35 | Construir | Palisade Wall |
| 5:36 | Construir | Palisade Wall |
| 5:38 | Construir | Palisade Wall |
| 5:59 | Crear | Villager (Male) |
| 6:31 | Investigar | Loom |
| 6:37 | Construir | House |
| 6:38 | Construir | Palisade Wall |
| 6:39 | Construir | Palisade Wall |
| 6:39 | Construir | Palisade Wall |
| 6:58 | Investigar | Feudal Age |
| 8:00 | Construir | Barracks |
| 8:04 | Crear | Villager (Male) |
| 8:23 | Edad | Edad Feudal |
| 8:30 | Crear | Villager (Male) |
| 8:53 | Construir | Archery Range |
| 8:55 | Crear | Villager (Male) |
| 9:05 | Investigar | Double-Bit Axe |
| 9:06 | Crear | Villager (Male) |
| 9:17 | Construir | Palisade Wall |
| 9:19 | Construir | Palisade Wall |
| 9:21 | Construir | Palisade Wall |
| 9:22 | Construir | Palisade Wall |
| 9:24 | Construir | Palisade Wall |
| 9:34 | Crear | Villager (Male) |
| 9:41 | Crear | Archer |
| 9:54 | Crear | Villager (Male) |
| 10:02 | Crear | Villager (Male) |
| 10:04 | Construir | Mining Camp |
| 10:09 | Investigar | Town Watch |
| 10:28 | Crear | Skirmisher |
| 10:30 | Crear | Villager (Male) |
| 10:39 | Construir | House |
| 10:48 | Investigar | Wheelbarrow |
| 11:08 | Construir | Palisade Wall |
| 11:11 | Construir | Palisade Wall |
| 11:12 | Construir | Palisade Wall |
| 11:13 | Construir | Palisade Wall |
| 11:14 | Construir | Palisade Wall |
| 11:18 | Crear | Villager (Male) |
| 11:29 | Crear | Villager (Male) |
| 11:33 | Construir | Farm |
| 11:35 | Construir | Farm |
| 11:46 | Construir | House |
| 11:54 | Construir | Palisade Wall |
| 12:00 | Crear | Archer |
| 12:10 | Crear | Villager (Male) |
| 12:16 | Crear | Archer |
| 12:28 | Construir | Blacksmith |
| 12:35 | Construir | Farm |
| 12:43 | Crear | Archer |
| 12:57 | Crear | Villager (Male) |
| 13:00 | Construir | House |
| 13:07 | Crear | Skirmisher |
| 13:13 | Investigar | Fletching |
| 13:20 | Crear | Villager (Male) |
| 13:26 | Crear | Skirmisher |
| 13:43 | Crear | Skirmisher |
| 13:55 | Crear | Villager (Male) |
| 13:58 | Construir | Farm |
| 13:58 | Construir | Farm |
| 13:59 | Construir | Farm |
| 13:59 | Construir | Farm |
| 14:06 | Construir | House |
| 14:11 | Crear | Archer |
| 14:13 | Crear | Villager (Male) |
| 14:31 | Crear | Villager (Male) |
| 14:31 | Crear | Villager (Male) |
| 14:40 | Construir | Farm |
| 14:48 | Construir | Farm |
| 14:55 | Construir | Farm |
| 14:57 | Crear | Archer |
| 15:01 | Crear | Villager (Male) |
| 15:10 | Construir | Palisade Wall |
| 15:23 | Construir | Farm |
| 15:26 | Construir | Farm |
| 15:27 | Crear | Villager (Male) |
| 15:39 | Crear | Villager (Male) |
| 15:40 | Construir | Farm |
| 15:58 | Construir | Palisade Wall |
| 16:03 | Construir | House |
| 16:06 | Crear | Archer |
| 16:07 | Crear | Villager (Male) |
| 16:18 | Construir | House |
| 16:31 | Crear | Villager (Male) |
| 16:39 | Construir | House |
| 17:00 | Crear | Skirmisher |
| 17:00 | Crear | Skirmisher |
| 17:24 | Crear | Skirmisher |
| 17:40 | Construir | Palisade Wall |
| 17:41 | Construir | Palisade Wall |
| 17:42 | Construir | Palisade Wall |
| 18:16 | Crear | Archer |
| 18:25 | Crear | Skirmisher |
| 18:37 | Construir | Gate |
| 18:40 | Construir | House |
| 19:03 | Investigar | Castle Age |
| 19:22 | Construir | Watch Tower |
| 19:28 | Construir | Stable |
| 19:34 | Construir | Stable |
| 19:43 | Construir | Farm |
| 19:45 | Construir | Farm |
| 19:46 | Construir | Farm |
| 19:48 | Investigar | Scale Barding Armor |
| 20:05 | Construir | Farm |
| 20:07 | Construir | Farm |
| 20:32 | Construir | Farm |
| 20:33 | Construir | Farm |
| 20:39 | Edad | Edad de los Castillos |
| 20:42 | Crear | Battle Elephant |
| 20:42 | Crear | Battle Elephant |
| 20:50 | Crear | Villager (Male) |
| 20:58 | Construir | Farm |
| 21:04 | Construir | Farm |
| 21:15 | Crear | Battle Elephant |
| 21:23 | Crear | Villager (Male) |
| 21:24 | Crear | Battle Elephant |
| 21:32 | Construir | House |
| 21:37 | Crear | Battle Elephant |
| 21:57 | Crear | Battle Elephant |
| 21:58 | Crear | Battle Elephant |
| 22:00 | Construir | House |
| 22:12 | Crear | Villager (Male) |
| 22:21 | Crear | Battle Elephant |
| 22:35 | Crear | Battle Elephant |
Cronología de la partida
| 4:36 | Champi Warrior · first_building Barracks |
| 4:45 | DS_Alec · wall_segment Palisade Wall x1 |
| 5:08 | DS_Alec · wall_segment Palisade Wall x1 |
| 5:33 | DS_Alec · wall_segment Palisade Wall x2 |
| 5:33 | DS_Alec · wall_segment Palisade Wall x1 |
| 5:34 | DS_Alec · wall_segment Palisade Wall x1 |
| 5:35 | DS_Alec · wall_segment Palisade Wall x1 |
| 5:36 | DS_Alec · wall_segment Palisade Wall x2 |
| 5:38 | DS_Alec · wall_segment Palisade Wall x1 |
| 6:38 | DS_Alec · wall_segment Palisade Wall x1 |
| 6:39 | DS_Alec · wall_segment Palisade Wall x1 |
| 6:39 | DS_Alec · wall_segment Palisade Wall x1 |
| 8:00 | DS_Alec · first_building Barracks |
| 8:23 | DS_Alec · age_up feudal |
| 8:53 | DS_Alec · first_building Archery Range |
| 9:17 | DS_Alec · wall_segment Palisade Wall x1 |
| 9:19 | DS_Alec · wall_segment Palisade Wall x1 |
| 9:21 | DS_Alec · wall_segment Palisade Wall x1 |
| 9:22 | DS_Alec · wall_segment Palisade Wall x1 |
| 9:24 | DS_Alec · wall_segment Palisade Wall x1 |
| 10:06 | Champi Warrior · age_up feudal |
| 10:14 | Champi Warrior · first_building Archery Range |
| 11:08 | DS_Alec · wall_segment Palisade Wall x3 |
| 11:11 | DS_Alec · wall_segment Palisade Wall x1 |
| 11:12 | DS_Alec · wall_segment Palisade Wall x1 |
| 11:13 | DS_Alec · wall_segment Palisade Wall x1 |
| 11:14 | DS_Alec · wall_segment Palisade Wall x1 |
| 11:54 | DS_Alec · wall_segment Palisade Wall x1 |
| 12:33 | Champi Warrior · wall_segment Palisade Wall x6 |
| 13:00 | Champi Warrior · wall_segment Palisade Wall x3 |
| 15:10 | DS_Alec · wall_segment Palisade Wall x1 |
| 15:50 | Champi Warrior · wall_segment Palisade Wall x9 |
| 15:51 | Champi Warrior · wall_segment Palisade Wall x4 |
| 15:58 | DS_Alec · wall_segment Palisade Wall x8 |
| 16:08 | Champi Warrior · wall_segment Palisade Wall x8 |
| 17:40 | DS_Alec · wall_segment Palisade Wall x1 |
| 17:41 | DS_Alec · wall_segment Palisade Wall x1 |
| 17:42 | DS_Alec · wall_segment Palisade Wall x1 |
| 18:09 | Champi Warrior · first_market_buy 100 food |
| 19:28 | DS_Alec · first_building Stable |
| 20:24 | Champi Warrior · wall_segment Palisade Wall x15 |
| 20:39 | DS_Alec · age_up castle |
| 21:07 | Champi Warrior · age_up castle |
| 23:23 | Champi Warrior · first_building Monastery |
| 24:06 | Champi Warrior · first_building Siege Workshop |
| 25:45 | Champi Warrior · wall_segment Palisade Wall x1 |
| 26:15 | Champi Warrior · wall_segment Palisade Wall x1 |
| 27:49 | Champi Warrior · first_market_sell 100 wood |
| 29:42 | DS_Alec · resign |
[ ANÁLISIS IA · 1 CRÉDITO ]
¿Qué pasó realmente en esta partida?
Wolo.gg analiza cada decisión: build order, eco, micro, errores típicos por bracket. Análisis personalizado por WhatsApp o Discord en 30 segundos.
Guía civ
Drávidas
Perfil
Biry (Champi Warrior)